[Event "GambitGuide"]
[Site "Internet Chess Club"]
[Date "2014.10.30"]
[Round "1"]
[White "JSBach"]
[Black "rabbismoli"]
[Result "1-0"]
[ICCResult "Black resigns"]
[WhiteElo "1647"]
[BlackElo "1606"]
[Opening "Vienna: `Frankenstein-Dracula' variation"]
[ECO "C27"]
[NIC "VG.02"]
[Time "21:18:04"]
[TimeControl "120+12"]

1. e4 e5 2. Nc3 Nf6 3. Bc4 Nxe4 4. Qh5 Nd6 5. Bb3 Nc6 6. Nb5 g6 7. Qf3 f5 8.
Qd5 Qe7 9. Nxc7+ Kd8 10. Nxa8 b6 11. Ba4 Bb7 12. Nxb6 axb6 13. Qb3 Kc7 14.
Ne2 Bg7 15. Nc3 Nd4 16. Nd5+ Bxd5 17. Qxd5 Rb8 18. d3 b5 19. Bb3 Rb6 20. c3
Nxb3 21. axb3 Rb7 22. Qc5+ Kb8 23. Ra6 Nc8 24. Qd5 d6 25. Qc6 Qc7 26. Qd5
Ne7 27. Qf7 Nc8 28. Qg8 Bf6 29. d4 exd4 30. Qd5 dxc3 31. Bf4 Qe7+ 32. Be3
Bg5 33. bxc3 Bxe3 34. fxe3 Qxe3+ 35. Kd1 Qxc3 36. Rc6 Qa1+ 37. Rc1 Qe5 38.
Qg8 Qd4+ 39. Kc2 Rc7+ 40. Kb1 Qd3+ 41. Ka1 Rxc1+ 42. Rxc1 Qd4+ 43. Ka2 Qd2+
44. Kb1 Qd3+ 45. Rc2 Qd1+ 46. Rc1 Qd3+ 47. Rc2 Qd1+ 48. Kb2 Qd4+ 49. Ka3 b4+
50. Ka4 Qa7+ 51. Kxb4 Qb6+ 52. Kc4 Qc5+ 53. Kd3 Qd5+ 54. Qxd5 {Black
resigns} 1-0

[Event "GambitGuide"]
[Site "Internet Chess Club"]
[Date "2014.10.30"]
[Round "1"]
[White "JSBach"]
[Black "Wannabet"]
[Result "1-0"]
[ICCResult "Black resigns"]
[WhiteElo "1647"]
[BlackElo "1436"]
[Opening "Vienna: `Frankenstein-Dracula' variation"]
[ECO "C27"]
[NIC "VG.02"]
[Time "21:19:46"]
[TimeControl "120+12"]

1. e4 e5 2. Nc3 Nf6 3. Bc4 Nxe4 4. Qh5 Nd6 5. Bb3 Nc6 6. Nb5 g6 7. Qf3 f5 8.
Qd5 Qe7 9. Nxc7+ Kd8 10. Nxa8 b6 11. Ba4 Bb7 12. Nxb6 axb6 13. Qb3 Kc7 14.
Ne2 Na5 15. Qg3 f4 16. Qg4 Qg7 17. d4 h5 18. Qh3 Nf5 19. dxe5 Qxe5 20. Bxf4
{Black resigns}
1-0

[Event "GambitGuide"]
[Site "Internet Chess Club"]
[Date "2014.10.30"]
[Round "1"]
[White "JSBach"]
[Black "egyptiantiger"]
[Result "1-0"]
[ICCResult "Black resigns"]
[WhiteElo "1647"]
[BlackElo "1883"]
[Opening "Vienna: `Frankenstein-Dracula' variation"]
[ECO "C27"]
[NIC "VG.02"]
[Time "21:20:40"]
[TimeControl "120+12"]

1. e4 e5 2. Nc3 Nf6 3. Bc4 Nxe4 4. Qh5 Nd6 5. Bb3 Nc6 6. Nb5 g6 7. Qf3 f5 8.
Qd5 Qe7 9. Nxc7+ Kd8 10. Nxa8 b6 11. Ba4 Bb7 12. Nxb6 axb6 13. Qb3 Nd4 14.
Qxb6+ Ke8 15. Kf1 Qg5 16. f3 Qh5 17. Qc7 Nc6 18. d3 Be7 19. Bxc6 Bxc6 20.
Qb8+ Bd8 21. Qxd6 {Black resigns} 1-0

[Event "GambitGuide"]
[Site "Internet Chess Club"]
[Date "2014.10.30"]
[Round "1"]
[White "JSBach"]
[Black "bobbyjones"]
[Result "1-0"]
[ICCResult "Black resigns"]
[WhiteElo "1647"]
[BlackElo "1038"]
[Opening "Vienna: `Frankenstein-Dracula' variation"]
[ECO "C27"]
[NIC "VG.02"]
[Time "21:19:41"]
[TimeControl "120+12"]

1. e4 e5 2. Nc3 Nf6 3. Bc4 Nxe4 4. Qh5 Nd6 5. Bb3 Nc6 6. Nb5 g6 7. Qf3 f5 8.
Qd5 Qe7 9. Nxc7+ Kd8 10. Nxa8 b6 11. Ba4 Nb4 12. Qb3 Ne4 13. a3 Qc5 14. d4
Nxc2+ 15. Qxc2 Qxc2 16. Bxc2 exd4 17. f3 Nc5 18. Bg5+ Ke8 19. Bf6 Rg8 20.
Bxd4 Ne6 21. Bb3 Bb7 22. Nc7+ Ke7 23. Ne2 Bg7 24. Bxg7 Rxg7 25. Nd5+ Bxd5
26. Bxd5 Nc5 27. O-O-O Kf6 28. Rhe1 d6 29. Bc6 Rc7 30. Rxd6+ Kg7 31. Kc2 a5
32. Bb5 Ne4+ 33. Rc6 Rxc6+ 34. Bxc6 Nc5 35. Nd4 {Black resigns} 1-0

[Event "GambitGuide"]
[Site "Internet Chess Club"]
[Date "2014.10.30"]
[Round "1"]
[White "JSBach"]
[Black "egyptiantiger"]
[Result "1-0"]
[ICCResult "Black checkmated"]
[WhiteElo "1647"]
[BlackElo "1883"]
[Opening "Vienna: `Frankenstein-Dracula' variation"]
[ECO "C27"]
[NIC "VG.02"]
[Time "21:21:34"]
[TimeControl "120+12"]

1. e4 e5 2. Nc3 Nf6 3. Bc4 Nxe4 4. Qh5 Nd6 5. Bb3 Nc6 6. Nb5 g6 7. Qf3 f5 8.
Qd5 Qe7 9. Nxc7+ Kd8 10. Nxa8 b6 11. Ba4 Bb7 12. Nxb6 Nd4 13. Qc5 axb6 14.
Qxb6+ Ke8 15. Kf1 Bxg2+ 16. Kxg2 Qg5+ 17. Kf1 Qh5 18. c3 Nf3 19. Qa7 Nh4 20.
Qxd7# {Black checkmated} 1-0

[Event "GambitGuide"]
[Site "Internet Chess Club"]
[Date "2014.10.30"]
[Round "1"]
[White "JSBach"]
[Black "bobbyjones"]
[Result "1-0"]
[ICCResult "Black resigns"]
[WhiteElo "1647"]
[BlackElo "1038"]
[Opening "Vienna: `Frankenstein-Dracula' variation"]
[ECO "C27"]
[NIC "VG.02"]
[Time "21:22:03"]
[TimeControl "120+12"]

1. e4 e5 2. Nc3 Nf6 3. Bc4 Nxe4 4. Qh5 Nd6 5. Bb3 Nc6 6. Nb5 g6 7. Qf3 f5 8.
Qd5 Qe7 9. Nxc7+ Kd8 10. Nxa8 b6 11. Ba4 Bb7 12. Nxb6 axb6 13. Qb3 Na5 14.
Qxb6+ Ke8 15. Bxd7+ Qxd7 16. Qxa5 Bxg2 17. Ne2 Bxh1 18. Qxe5+ Qe7 19. Qxh8
f4 20. Kf1 f3 21. Nf4 Qg5 22. Qxf8+ Kxf8 23. Ne6+ Kg8 24. Nxg5 Nf5 25. a4
Nd4 26. Kg1 Nxc2 27. Rb1 Ne1 28. Kxh1 Ng2 29. Nxf3 Nf4 30. d4 Ne2 31. b4
{Black resigns}
1-0

[Event "GambitGuide"]
[Site "Internet Chess Club"]
[Date "2014.10.30"]
[Round "1"]
[White "JSBach"]
[Black "bobbyjones"]
[Result "1-0"]
[ICCResult "Black resigns"]
[WhiteElo "1647"]
[BlackElo "1038"]
[Opening "Vienna: `Frankenstein-Dracula' variation"]
[ECO "C27"]
[NIC "VG.02"]
[Time "21:23:33"]
[TimeControl "120+12"]

1. e4 e5 2. Nc3 Nf6 3. Bc4 Nxe4 4. Qh5 Nd6 5. Bb3 Nc6 6. Nb5 g6 7. Qf3 f5 8.
Qd5 Qe7 9. Nxc7+ Kd8 10. Nxa8 b6 11. Ba4 Qf6 12. Bxc6 dxc6 13. Qxc6 Qf7 14.
d3 Bb7 15. Bg5+ Be7 16. Qxd6+ Ke8 17. Qb8+ Kd7 18. Qxb7+ Kd6 19. Qc7+ Ke6
20. Qc6+ Bd6 21. Qc4+ {Black resigns} 1-0

[Event "GambitGuide"]
[Site "Internet Chess Club"]
[Date "2014.10.30"]
[Round "1"]
[White "JSBach"]
[Black "supermonkey"]
[Result "0-1"]
[ICCResult "White checkmated"]
[WhiteElo "1647"]
[BlackElo "1583"]
[Opening "Vienna: `Frankenstein-Dracula' variation"]
[ECO "C27"]
[NIC "VG.02"]
[Time "21:24:11"]
[TimeControl "120+12"]

1. e4 e5 2. Nc3 Nf6 3. Bc4 Nxe4 4. Qh5 Nd6 5. Bb3 Nc6 6. Nb5 g6 7. Qf3 f5 8.
Qd5 Qe7 9. Nxc7+ Kd8 10. Nxa8 b6 11. Ba4 Bb7 12. Nxb6 axb6 13. Qb3 Kc7 14.
Nf3 Nd4 15. Nxd4 exd4+ 16. Kf1 f4 17. Qb4 f3 18. gxf3 Bxf3 19. Bb5 Bxh1 20.
Qxd4 Bg7 21. Qb4 Rf8 22. Bd3 Qf7 23. Kg1 Bc6 24. Qh4 g5 25. Qg3 Be5 26. Qe3
Bf4 27. Qh3 Bxd2 28. Qg3 Bf4 29. Bxf4 gxf4 30. Qh4 Rg8+ 31. Kf1 Qd5 32. Ke2
Qf3+ 33. Kd2 Re8 34. Rd1 Ne4+ 35. Bxe4 Rxe4 36. Kc1 Re2 37. Qxh7 Rxf2 38. h4
Rh2 39. Qh6 Qg3 40. h5 f3 41. Rd2 f2 42. Rd1 Rh1 43. Qxc6+ dxc6 44. Rxh1
Qg1+ 45. Rxg1 fxg1=Q+ 46. Kd2 Qh2+ 47. Kc3 Qxh5 48. Kb3 Qc5 49. c4 b5 50.
cxb5 cxb5 51. a4 Qc4+ 52. Ka3 Qxa4# {White checkmated} 0-1

[Event "GambitGuide"]
[Site "Internet Chess Club"]
[Date "2014.10.30"]
[Round "1"]
[White "JSBach"]
[Black "bobbyjones"]
[Result "1-0"]
[ICCResult "Black checkmated"]
[WhiteElo "1647"]
[BlackElo "1038"]
[Opening "Vienna: `Frankenstein-Dracula' variation"]
[ECO "C27"]
[NIC "VG.02"]
[Time "21:24:33"]
[TimeControl "120+12"]

1. e4 e5 2. Nc3 Nf6 3. Bc4 Nxe4 4. Qh5 Nd6 5. Bb3 Nc6 6. Nb5 g6 7. Qf3 f5 8.
Qd5 Qe7 9. Nxc7+ Kd8 10. Nxa8 b6 11. Ba4 b5 12. Bxb5 Nxb5 13. Qxb5 a6 14.
Qb6+ Ke8 15. Nc7+ Kf7 16. Nxa6 Nd4 17. Kd1 Bg7 18. c3 Ne6 19. Ke1 Nf4 20.
Kf1 Qg5 21. g3 Nh5 22. d4 f4 23. Nf3 Qg4 24. Qb3+ d5 25. Qxd5+ Be6 26. Qb7+
Kf6 27. dxe5+ Kf5 28. h3 Nxg3+ 29. Kg2 Qh5 30. Nd4+ Kg5 31. Nxe6+ Kh6 32.
Qxg7# {Black checkmated} 1-0

[Event "GambitGuide"]
[Site "Internet Chess Club"]
[Date "2014.10.30"]
[Round "1"]
[White "JSBach"]
[Black "Grand-Galop"]
[Result "1-0"]
[ICCResult "Black resigns"]
[WhiteElo "1647"]
[BlackElo "1371"]
[Opening "Vienna: `Frankenstein-Dracula' variation"]
[ECO "C27"]
[NIC "VG.02"]
[Time "21:25:25"]
[TimeControl "120+12"]

1. e4 e5 2. Nc3 Nf6 3. Bc4 Nxe4 4. Qh5 Nd6 5. Bb3 Nc6 6. Nb5 g6 7. Qf3 f5 8.
Qd5 Qe7 9. Nxc7+ Kd8 10. Nxa8 b6 11. Ba4 Nb4 12. Qb3 b5 13. Qxb4 bxa4 14.
Qxa4 Bb7 15. Qxa7 Bxa8 16. Qxa8+ Nc8 17. Nf3 Qd6 18. Qa5+ Ke7 19. Qxe5+
Qxe5+ 20. Nxe5 Ke6 21. d4 Nd6 22. a4 Ne4 23. f3 Nd6 24. b4 Bg7 25. Bf4 Bxe5
26. Bxe5 Rc8 27. O-O-O Rc4 28. c3 Rxc3+ 29. Kd2 Ra3 30. Bxd6 Kxd6 31. Ra1
Rb3 32. Rhb1 Rxb1 33. Rxb1 Kd5 34. a5 Kc4 35. a6 {Black resigns} 1-0

[Event "GambitGuide"]
[Site "Internet Chess Club"]
[Date "2014.10.30"]
[Round "1"]
[White "JSBach"]
[Black "gbpackerfan"]
[Result "1-0"]
[ICCResult "Black resigns"]
[WhiteElo "1647"]
[BlackElo "1643"]
[Opening "Vienna: `Frankenstein-Dracula' variation"]
[ECO "C27"]
[NIC "VG.02"]
[Time "21:26:57"]
[TimeControl "120+12"]

1. e4 e5 2. Nc3 Nf6 3. Bc4 Nxe4 4. Qh5 Nd6 5. Bb3 Nc6 6. Nb5 g6 7. Qf3 f5 8.
Qd5 Qe7 9. Nxc7+ Kd8 10. Nxa8 b6 11. Ba4 Bb7 12. Nxb6 axb6 13. Qb3 b5 14.
Ne2 bxa4 15. Qxa4 Nc8 16. Qb5 Qc5 17. Qxb7 {Black resigns} 1-0

[Event "GambitGuide"]
[Site "Internet Chess Club"]
[Date "2014.10.30"]
[Round "1"]
[White "JSBach"]
[Black "gbpackerfan"]
[Result "1-0"]
[ICCResult "Black resigns"]
[WhiteElo "1647"]
[BlackElo "1643"]
[Opening "Vienna: `Frankenstein-Dracula' variation"]
[ECO "C27"]
[NIC "VG.02"]
[Time "21:27:19"]
[TimeControl "120+12"]

1. e4 e5 2. Nc3 Nf6 3. Bc4 Nxe4 4. Qh5 Nd6 5. Bb3 Nc6 6. Nb5 g6 7. Qf3 f5 8.
Qd5 Qe7 9. Nxc7+ Kd8 10. Nxa8 b6 11. Ba4 Bb7 12. Nxb6 axb6 13. Qb3 b5 14.
Nf3 bxa4 15. Qxa4 e4 16. Nd4 Nxd4 17. Qxd4 Bg7 18. Qc5 Nc8 19. Qb5 Bc6 20.
Qa6 Qc5 21. c3 Re8 22. a4 f4 23. b4 Qb6 24. Qxb6+ Nxb6 25. a5 Nc4 26. a6 e3
27. d4 f3 28. gxf3 Bxf3 29. Rg1 e2 30. a7 Ba8 31. Ra2 {Black resigns} 1-0

[Event "GambitGuide"]
[Site "Internet Chess Club"]
[Date "2014.10.30"]
[Round "1"]
[White "JSBach"]
[Black "vajramove"]
[Result "1-0"]
[ICCResult "Black checkmated"]
[WhiteElo "1647"]
[BlackElo "1598"]
[Opening "Vienna: `Frankenstein-Dracula' variation"]
[ECO "C27"]
[NIC "VG.02"]
[Time "21:27:28"]
[TimeControl "120+12"]

1. e4 e5 2. Nc3 Nf6 3. Bc4 Nxe4 4. Qh5 Nd6 5. Bb3 Nc6 6. Nb5 g6 7. Qf3 f5 8.
Qd5 Qe7 9. Nxc7+ Kd8 10. Nxa8 b6 11. Ba4 Bb7 12. Nxb6 axb6 13. Qb3 Bg7 14.
Qxb6+ Ke8 15. Ne2 Qg5 16. O-O Nd4 17. Ng3 f4 18. Qxd6 fxg3 19. Qxd7+ Kf8 20.
Qe8# {Black checkmated} 1-0

[Event "GambitGuide"]
[Site "Internet Chess Club"]
[Date "2014.10.30"]
[Round "1"]
[White "JSBach"]
[Black "Grand-Galop"]
[Result "1-0"]
[ICCResult "Black resigns"]
[WhiteElo "1643"]
[BlackElo "1371"]
[Opening "Vienna: `Frankenstein-Dracula' variation"]
[ECO "C27"]
[NIC "VG.02"]
[Time "21:27:19"]
[TimeControl "120+12"]

1. e4 e5 2. Nc3 Nf6 3. Bc4 Nxe4 4. Qh5 Nd6 5. Bb3 Nc6 6. Nb5 g6 7. Qf3 f5 8.
Qd5 Qe7 9. Nxc7+ Kd8 10. Nxa8 b6 11. Ba4 Bb7 12. Nxb6 axb6 13. Qb3 Bg7 14.
Qxb6+ Ke8 15. Ne2 Kf7 16. Bb3+ Kf6 17. Bd5 Ba8 18. Qc5 Rc8 19. Qe3 f4 20.
Qh3 Nd4 21. Bb3 Nxb3 22. axb3 Rxc2 23. Rxa8 Nf5 24. Qxh7 Nd4 25. Qh4+ g5 26.
Qh7 Nxe2 27. Qxc2 Nd4 28. Ra6+ Kf7 29. Qg6+ Kg8 30. Ra8+ {Black resigns} 1-0

[Event "GambitGuide"]
[Site "Internet Chess Club"]
[Date "2014.10.30"]
[Round "1"]
[White "JSBach"]
[Black "bobbyjones"]
[Result "1-0"]
[ICCResult "Black resigns"]
[WhiteElo "1643"]
[BlackElo "1038"]
[Opening "Vienna: `Frankenstein-Dracula' variation"]
[ECO "C27"]
[NIC "VG.02"]
[Time "21:26:35"]
[TimeControl "120+12"]

1. e4 e5 2. Nc3 Nf6 3. Bc4 Nxe4 4. Qh5 Nd6 5. Bb3 Nc6 6. Nb5 g6 7. Qf3 f5 8.
Qd5 Qe7 9. Nxc7+ Kd8 10. Nxa8 b6 11. Ba4 Nb8 12. Qb3 Bb7 13. Nxb6 axb6 14.
Qxb6+ Ke8 15. b4 Bh6 16. d3 Bxc1 17. Rxc1 e4 18. d4 e3 19. d5 exf2+ 20. Kxf2
Ne4+ 21. Kf3 Nd2+ 22. Kf2 Ne4+ 23. Kf3 Ng5+ 24. Kf2 Kf7 25. Qxb7 Re8 26. Kf1
Qe4 27. Qc7 Nh3 28. Bxd7 Nxd7 29. Qxd7+ Kf6 30. Qd6+ Kg5 31. Nxh3+ Kh5 32.
Qf4 Qe2+ 33. Kg1 Qe3+ 34. Qxe3 Rxe3 35. d6 Re5 36. d7 Rd5 37. Nf4+
{Black resigns}
1-0

[Event "GambitGuide"]
[Site "Internet Chess Club"]
[Date "2014.10.30"]
[Round "1"]
[White "JSBach"]
[Black "gbpackerfan"]
[Result "1-0"]
[ICCResult "Black resigns"]
[WhiteElo "1643"]
[BlackElo "1643"]
[Opening "Vienna: `Frankenstein-Dracula' variation"]
[ECO "C27"]
[NIC "VG.02"]
[Time "21:28:31"]
[TimeControl "120+12"]

1. e4 e5 2. Nc3 Nf6 3. Bc4 Nxe4 4. Qh5 Nd6 5. Bb3 Nc6 6. Nb5 g6 7. Qf3 f5 8.
Qd5 Qe7 9. Nxc7+ Kd8 10. Nxa8 b6 11. Ba4 Bb7 12. Nxb6 axb6 13. Qb3 b5 14.
Nf3 bxa4 15. Qxa4 Nc8 16. Qb5 Ba8 17. Qa6 e4 18. Ng1 N6a7 19. a4 Qd6 20. Qc4
Bg7 21. Qf7 Qe7 22. Qc4 Re8 23. Ra3 f4 24. Rb3 e3 25. Kf1 e2+ 26. Nxe2 Bxg2+
27. Kxg2 Qxe2 28. Qxf4 Rf8 29. Qg5+ Bf6 30. Qa5+ Ke8 31. Re3+ {Black
resigns} 1-0

[Event "GambitGuide"]
[Site "Internet Chess Club"]
[Date "2014.10.30"]
[Round "1"]
[White "JSBach"]
[Black "Wannabet"]
[Result "1-0"]
[ICCResult "Black resigns"]
[WhiteElo "1643"]
[BlackElo "1436"]
[Opening "Vienna: `Frankenstein-Dracula' variation"]
[ECO "C27"]
[NIC "VG.02"]
[Time "21:25:31"]
[TimeControl "120+12"]

1. e4 e5 2. Nc3 Nf6 3. Bc4 Nxe4 4. Qh5 Nd6 5. Bb3 Nc6 6. Nb5 g6 7. Qf3 f5 8.
Qd5 Qe7 9. Nxc7+ Kd8 10. Nxa8 b6 11. Ba4 Nd4 12. f4 Bb7 13. Qxe5 Qxe5+ 14.
fxe5 Ne4 15. c3 Nc6 16. d3 Nc5 17. Bg5+ Kc8 18. Bf6 Rg8 19. Bxc6 Bxc6 20. b4
Nxd3+ 21. Kf1 Bxa8 22. Rd1 Nf4 23. Rd2 Bxg2+ 24. Rxg2 Nxg2 25. Kxg2 Kc7 26.
Kg3 Kc6 27. Nf3 Kd5 28. Rd1+ Kc4 29. Rxd7 Kxc3 30. Rxh7 Bxb4 31. e6+ Kc2 32.
Nd4+ Kd3 33. Rxa7 Bc5 34. Rd7 Ke4 35. h4 f4+ 36. Kg4 Rf8 37. e7 Re8 38. Ne6
f3 39. Nc7 Bxe7 40. Nxe8 Bxf6 41. Nxf6+ Ke3 42. Kg5 f2 43. Ng4+ Kf3 44. Nxf2
Kxf2 45. Kxg6 {Black resigns} 1-0

[Event "GambitGuide"]
[Site "Internet Chess Club"]
[Date "2014.10.30"]
[Round "1"]
[White "JSBach"]
[Black "gbpackerfan"]
[Result "1-0"]
[ICCResult "Black checkmated"]
[WhiteElo "1643"]
[BlackElo "1643"]
[Opening "Vienna: `Frankenstein-Dracula' variation"]
[ECO "C27"]
[NIC "VG.02"]
[Time "21:29:58"]
[TimeControl "120+12"]

1. e4 e5 2. Nc3 Nf6 3. Bc4 Nxe4 4. Qh5 Nd6 5. Bb3 Nc6 6. Nb5 g6 7. Qf3 f5 8.
Qd5 Qe7 9. Nxc7+ Kd8 10. Nxa8 b6 11. Ba4 Bb7 12. Nxb6 axb6 13. Qb3 b5 14.
Ne2 bxa4 15. Qxa4 Bg7 16. O-O Re8 17. Re1 Nf7 18. Qb5 Bc8 19. Qb6#
{Black checkmated}
1-0

[Event "GambitGuide"]
[Site "Internet Chess Club"]
[Date "2014.10.30"]
[Round "1"]
[White "JSBach"]
[Black "gbpackerfan"]
[Result "1-0"]
[ICCResult "Black resigns"]
[WhiteElo "1643"]
[BlackElo "1643"]
[Opening "Vienna: `Frankenstein-Dracula' variation"]
[ECO "C27"]
[NIC "VG.02"]
[Time "21:30:14"]
[TimeControl "120+12"]

1. e4 e5 2. Nc3 Nf6 3. Bc4 Nxe4 4. Qh5 Nd6 5. Bb3 Nc6 6. Nb5 g6 7. Qf3 f5 8.
Qd5 Qe7 9. Nxc7+ Kd8 10. Nxa8 b6 11. Ba4 Bb7 12. Nxb6 axb6 13. Qb3 b5 14.
Nf3 bxa4 15. Qxa4 Kc7 16. O-O Bg7 17. Re1 e4 18. d3 Qf6 19. Ng5 Re8 20. dxe4
fxe4 21. Nxh7 Qh4 22. Ng5 Be5 23. g3 Qh8 24. Nxe4 Bxb2 25. Bxb2 Qxb2 26.
Nxd6 Rf8 27. Rab1 {Black resigns} 1-0

[Event "GambitGuide"]
[Site "Internet Chess Club"]
[Date "2014.10.30"]
[Round "1"]
[White "JSBach"]
[Black "gbpackerfan"]
[Result "1-0"]
[ICCResult "Black resigns"]
[WhiteElo "1643"]
[BlackElo "1643"]
[Opening "Vienna: `Frankenstein-Dracula' variation"]
[ECO "C27"]
[NIC "VG.02"]
[Time "21:31:24"]
[TimeControl "120+12"]

1. e4 e5 2. Nc3 Nf6 3. Bc4 Nxe4 4. Qh5 Nd6 5. Bb3 Nc6 6. Nb5 g6 7. Qf3 f5 8.
Qd5 Qe7 9. Nxc7+ Kd8 10. Nxa8 b6 11. Ba4 Bb7 12. Nxb6 axb6 13. Qb3 b5 14.
Nf3 bxa4 15. Qxa4 Kc7 16. d3 Bg7 17. Bg5 Bf6 18. Be3 Re8 19. O-O e4 20. Nd4
Nxd4 21. Bxd4 Bxd4 22. Qxd4 Qe5 23. Qb4 Qb5 24. Qc3+ Qc6 25. Qxc6+ Bxc6 26.
Rfe1 exd3 27. cxd3 Nb5 28. Rxe8 {Black resigns} 1-0

[Event "GambitGuide"]
[Site "Internet Chess Club"]
[Date "2014.10.30"]
[Round "1"]
[White "JSBach"]
[Black "Wannabet"]
[Result "1-0"]
[ICCResult "Black resigns"]
[WhiteElo "1643"]
[BlackElo "1436"]
[Opening "Vienna: `Frankenstein-Dracula' variation"]
[ECO "C27"]
[NIC "VG.02"]
[Time "21:30:05"]
[TimeControl "120+12"]

1. e4 e5 2. Nc3 Nf6 3. Bc4 Nxe4 4. Qh5 Nd6 5. Bb3 Nc6 6. Nb5 g6 7. Qf3 f5 8.
Qd5 Qe7 9. Nxc7+ Kd8 10. Nxa8 b6 11. Ba4 b5 12. Bxb5 Nxb5 13. Qxb5 a6 14.
Qb6+ Ke8 15. Nc7+ Kf7 16. Nxa6 Nd4 17. Kd1 Bh6 18. c3 Ne6 19. d3 Bxc1 20.
Rxc1 Nf4 21. Nc5 Nxg2 22. Nf3 e4 23. dxe4 fxe4 24. Nxe4 Qxe4 25. Ng5+
{Black resigns}
1-0

[Event "GambitGuide"]
[Site "Internet Chess Club"]
[Date "2014.10.30"]
[Round "1"]
[White "JSBach"]
[Black "gbpackerfan"]
[Result "1-0"]
[ICCResult "Black resigns"]
[WhiteElo "1647"]
[BlackElo "1643"]
[Opening "Vienna: `Frankenstein-Dracula' variation"]
[ECO "C27"]
[NIC "VG.02"]
[Time "21:32:09"]
[TimeControl "120+12"]

1. e4 e5 2. Nc3 Nf6 3. Bc4 Nxe4 4. Qh5 Nd6 5. Bb3 Nc6 6. Nb5 g6 7. Qf3 f5 8.
Qd5 Qe7 9. Nxc7+ Kd8 10. Nxa8 b6 11. Ba4 Bb7 12. Nxb6 axb6 13. Qb3 b5 14.
Nf3 bxa4 15. Qxa4 Kc7 16. O-O Bg7 17. Re1 Re8 18. d4 e4 19. Bf4 h6 20. Re2
g5 21. d5 gxf4 22. dxc6 Bxc6 23. Qa7+ Nb7 24. c3 Qf7 25. Nd4 f3 26. Rd2 f4
27. Nxc6 dxc6 28. Rad1 Re7 29. gxf3 exf3 30. Kh1 Qg6 31. Rd7+ Rxd7 32. Rxd7+
Kxd7 33. Qxb7+ Ke6 34. Qxc6+ Kf5 35. Qxf3 Qf7 36. Qd3+ Kg4 37. b4 f3 38. a4
Qf6 39. Qc4+ Kh3 40. Qf1+ Kh4 41. c4 Qd4 42. a5 Bf8 43. b5 Qe5 44. Qg1 Bc5
45. Qg3+ Qxg3 46. hxg3+ Kh3 47. Kg1 h5 48. b6 h4 49. b7 Ba7 50. gxh4
{Black resigns}
1-0

[Event "GambitGuide"]
[Site "Internet Chess Club"]
[Date "2014.10.30"]
[Round "1"]
[White "JSBach"]
[Black "Ernie1"]
[Result "1-0"]
[ICCResult "Black resigns"]
[WhiteElo "1647"]
[BlackElo "1381"]
[Opening "Vienna: `Frankenstein-Dracula' variation"]
[ECO "C27"]
[NIC "VG.02"]
[Time "21:32:32"]
[TimeControl "120+12"]

1. e4 e5 2. Nc3 Nf6 3. Bc4 Nxe4 4. Qh5 Nd6 5. Bb3 Nc6 6. Nb5 g6 7. Qf3 f5 8.
Qd5 Qe7 9. Nxc7+ Kd8 10. Nxa8 b6 11. Ba4 Ba6 12. Bxc6 dxc6 13. Qb3 Ne4 14.
Nxb6 axb6 15. Qxb6+ Ke8 16. Qxc6+ Kf7 17. Qxa6 Qc5 18. Qb7+ Be7 19. Qb3+ Kg7
20. Nh3 Bh4 21. g3 Bg5 22. f3 Nxd2 23. Qb7+ Kh6 24. Bxd2 Bxd2+ 25. Kxd2 Rd8+
26. Kc1 Qe3+ 27. Kb1 Qe2 28. Rc1 Rd1 29. b4 Rxc1+ 30. Kxc1 Qe1+ 31. Kb2 Qe3
32. Qd5 e4 33. fxe4 fxe4 34. Qg5+ Qxg5 35. Nxg5 Kxg5 36. a4 {Black resigns}
1-0

[Event "GambitGuide"]
[Site "Internet Chess Club"]
[Date "2014.10.30"]
[Round "1"]
[White "JSBach"]
[Black "Grand-Galop"]
[Result "1-0"]
[ICCResult "Black resigns"]
[WhiteElo "1647"]
[BlackElo "1371"]
[Opening "Vienna: `Frankenstein-Dracula' variation"]
[ECO "C27"]
[NIC "VG.02"]
[Time "21:32:24"]
[TimeControl "120+12"]

1. e4 e5 2. Nc3 Nf6 3. Bc4 Nxe4 4. Qh5 Nd6 5. Bb3 Nc6 6. Nb5 g6 7. Qf3 f5 8.
Qd5 Qe7 9. Nxc7+ Kd8 10. Nxa8 b6 11. Ba4 Bb7 12. Nxb6 axb6 13. Qb3 Nd4 14.
Qxb6+ Ke8 15. Kf1 Qg5 16. f3 e4 17. Qxd4 exf3 18. Qe5+ Kd8 19. Nxf3 Qh5 20.
Qxh8 Bxf3 21. Qxf8+ Kc7 22. b4 Be2+ 23. Kg1 Qg4 24. Qg7 Qd4+ 25. Qxd4
{Black resigns}
1-0

[Event "GambitGuide"]
[Site "Internet Chess Club"]
[Date "2014.10.30"]
[Round "1"]
[White "JSBach"]
[Black "Ernie1"]
[Result "1-0"]
[ICCResult "Black resigns"]
[WhiteElo "1651"]
[BlackElo "1381"]
[Opening "Vienna: `Frankenstein-Dracula' variation"]
[ECO "C27"]
[NIC "VG.02"]
[Time "21:34:57"]
[TimeControl "120+12"]

1. e4 e5 2. Nc3 Nf6 3. Bc4 Nxe4 4. Qh5 Nd6 5. Bb3 Nc6 6. Nb5 g6 7. Qf3 f5 8.
Qd5 Qe7 9. Nxc7+ Kd8 10. Nxa8 b6 11. Ba4 e4 12. Bxc6 dxc6 13. Qxc6 Bb7 14.
Qc7+ Qxc7 15. Nxc7 Kxc7 16. f3 Bg7 17. Rb1 Re8 18. Kd1 Nc4 19. b3 Ne5 20.
Bb2 exf3 21. Nxf3 Nxf3 22. Bxg7 Nd4 23. Bxd4 {Black resigns} 1-0

[Event "GambitGuide"]
[Site "Internet Chess Club"]
[Date "2014.10.30"]
[Round "1"]
[White "JSBach"]
[Black "chigato"]
[Result "1-0"]
[ICCResult "Black resigns"]
[WhiteElo "1651"]
[BlackElo "1678"]
[Opening "Vienna: `Frankenstein-Dracula' variation"]
[ECO "C27"]
[NIC "VG.02"]
[Time "21:37:15"]
[TimeControl "120+12"]

1. e4 e5 2. Nc3 Nf6 3. Bc4 Nxe4 4. Qh5 Nd6 5. Bb3 Nc6 6. Nb5 g6 7. Qf3 f5 8.
Qd5 Qe7 9. Nxc7+ Kd8 10. Nxa8 b6 11. Ba4 Bb7 12. Nxb6 axb6 13. Qb3 Ne4 14.
Qxb6+ Kc8 15. Bxc6 Bxc6 16. Nf3 Qe6 17. d4 Bd6 18. dxe5 Bxe5 19. Nxe5 Qxe5
20. Be3 Bb7 21. Bd4 Qd6 22. Qxd6 Nxd6 23. Bxh8 {Black resigns} 1-0

[Event "GambitGuide"]
[Site "Internet Chess Club"]
[Date "2014.10.30"]
[Round "1"]
[White "JSBach"]
[Black "gbpackerfan"]
[Result "1-0"]
[ICCResult "Black resigns"]
[WhiteElo "1651"]
[BlackElo "1643"]
[Opening "Vienna: `Frankenstein-Dracula' variation"]
[ECO "C27"]
[NIC "VG.02"]
[Time "21:34:51"]
[TimeControl "120+12"]

1. e4 e5 2. Nc3 Nf6 3. Bc4 Nxe4 4. Qh5 Nd6 5. Bb3 Nc6 6. Nb5 g6 7. Qf3 f5 8.
Qd5 Qe7 9. Nxc7+ Kd8 10. Nxa8 b6 11. Ba4 Bb7 12. Nxb6 axb6 13. Qb3 b5 14.
Nf3 bxa4 15. Qxa4 Kc7 16. O-O Bg7 17. Re1 Qf6 18. d3 Re8 19. Bg5 Qf7 20. Be3
e4 21. Ng5 Qg8 22. Bc5 exd3 23. cxd3 Rxe1+ 24. Rxe1 Qd5 25. Rc1 Bxb2 26. Rc2
Bf6 27. Nxh7 Be7 28. Rc3 Kd8 29. Bxd6 Bxd6 30. Kf1 Ne5 31. Qh4+ Be7 32. Qg3
Bd6 33. f4 Nc6 34. Qxg6 Kc7 35. Nf6 Qxa2 36. Rc4 Qb1+ 37. Kf2 Qxd3 38. Ne8+
Kb6 39. Nxd6 Qd2+ 40. Kg3 Qe3+ 41. Kh4 Qe7+ 42. Kh5 Nd8 43. Nc8+ {Black
resigns} 1-0

[Event "GambitGuide"]
[Site "Internet Chess Club"]
[Date "2014.10.30"]
[Round "1"]
[White "JSBach"]
[Black "chigato"]
[Result "1-0"]
[ICCResult "Black resigns"]
[WhiteElo "1651"]
[BlackElo "1678"]
[Opening "Vienna: `Frankenstein-Dracula' variation"]
[ECO "C27"]
[NIC "VG.02"]
[Time "21:38:09"]
[TimeControl "120+12"]

1. e4 e5 2. Nc3 Nf6 3. Bc4 Nxe4 4. Qh5 Nd6 5. Bb3 Nc6 6. Nb5 g6 7. Qf3 f5 8.
Qd5 Qe7 9. Nxc7+ Kd8 10. Nxa8 b6 11. Ba4 Bb7 12. Nxb6 axb6 13. Qb3 Kc7 14.
Ne2 Na5 15. Qg3 Bg7 16. c3 e4 17. Qf4 g5 18. Qg3 h6 19. O-O f4 20. Qg4 Qf7
21. Re1 h5 22. Qxg5 Bf6 23. Qxf4 Rg8 24. Kf1 Qg6 25. Qg3 Qf5 26. Qxg8
{Black resigns}
1-0